 Dungeon Crawl Stone Soup version 0.28.0 (webtiles) character file.

Game seed: 13435811314873241902

67 Sanktem7 the Skirmisher (level 4, -6/41 HPs)
             Began as a Minotaur Fighter on Feb 12, 2022.
             Splashed by a jelly's acid (7 damage)
             ... on level 2 of the Dungeon.
             The game lasted 00:01:34 (1326 turns).

Sanktem7 the Skirmisher (Minotaur Fighter)          Turns: 1326, Time: 00:01:35

Health: -6/41      AC:  0    Str: 22    XL:     4   Next: 0%
Magic:  3/3        EV:  9    Int:  5    God:
Gold:   86         SH:  4    Dex: 10    Spells: 3/3 levels left

rFire   . . .      SeeInvis .   a - +0 war axe
rCold   . . .      Faith    .   c - +0 buckler
rNeg    . . .      Spirit   .   b - +0 scale mail
rPois   .          Reflect  .   (helmet restricted)
rElec   .          Harm     .   (no cloak)
rCorr   .          Rampage  .   (no gloves)
Will    .....                   (no boots)
Stlth   ..........              (no amulet)
HPRegen 0.13/turn               (no ring)
MPRegen 0.08/turn               (no ring)

@: corroded
A: horns 2, retaliatory headbutt
a: no special abilities


You were on level 2 of the Dungeon.
You visited 1 branch of the dungeon, and saw 2 of its levels.

You collected 86 gold pieces.

Inventory:

Hand Weapons
 a - a +0 war axe (weapon)
Armour
 b - a +0 scale mail (worn)
 c - a +0 buckler (worn)
Scrolls
 e - 2 scrolls of fog {unknown}
 f - a scroll of identify {unknown}
 h - a scroll of vulnerability {unknown}
 i - a scroll of amnesia {unknown}
 l - a scroll of noise {unknown}
 m - a scroll of teleportation {unknown}
 n - a scroll of fear {unknown}
Potions
 d - a potion of might
 g - a potion of degeneration {unknown}
 j - 2 potions of resistance {unknown}
 k - a potion of flight {unknown}


   Skills:
 * Level 4.4 Fighting
 * Level 3.9 Axes
 * Level 4.3 Armour
 - Level 3.6 Shields


You had 3 spell levels left.
You didn't know any spells.
Your spell library contained the following spells:

 Spells                   Type           Power      Damage    Failure   Level
 Sublimation of Blood     Necr           0%         N/A       95%         2
 Wereblood                Tmut           0%         N/A       95%         2
 Summon Hydra             Summ           0%         N/A       100%        7


Dungeon Overview and Level Annotations

Branches:
Dungeon (2/15)

Altars:


Innate Abilities, Weirdness & Mutations

You have a pair of horns on your head.
You reflexively headbutt those who attack you in melee.


Message History

The endoplasm hits you.
The endoplasm hits you but does no damage.
You slash the endoplasm!
You kill the endoplasm!
You slash the endoplasm!
You kill the endoplasm!
A nearby fungus withers and dies.
The endoplasm hits the fungus.
The fungus begins to die.
You hit the endoplasm.
The endoplasm is heavily wounded.
You slash the jelly!
Your hands burn!
The endoplasm freezes you.
You are frozen.
The jelly hits you.
You are splashed with acid.
You slash the endoplasm!
You kill the endoplasm!
You hit the jelly.
Your hands burn!
The jelly hits you. The acid corrodes you!
You are splashed with acid.
The endoplasm barely misses you. You block the jelly's attack.
You slash the endoplasm!
You kill the endoplasm!
You barely miss the jelly. You hit the endoplasm but do no damage.
The jelly hits you but does no damage. The endoplasm misses you.
You have reached level 4!
You feel agile.
You hit the endoplasm but do no damage. Your headbutt misses the endoplasm.
You hit the jelly. The acid corrodes you!
Your hands burn!
You hit the endoplasm.
A nearby fungus withers and dies.
The endoplasm closely misses you. The jelly hits you.
You are splashed with acid!
* * * LOW HITPOINT WARNING * * *
The endoplasm freezes you.
You are frozen.
* * * LOW HITPOINT WARNING * * *
You barely miss the endoplasm. You hit the endoplasm but do no damage.
You barely miss the jelly. The endoplasm hits you.
* * * LOW HITPOINT WARNING * * *
The jelly hits you.
* * * LOW HITPOINT WARNING * * *
The acid corrodes you!
You are splashed with acid!
You die...

### #.###..#.
#######.##..÷.÷[##.###..#.
#####....#.#.#.P÷PPP##.#......
#.##.....#.#.#....÷.##.#.#....
####.'......#'#)#...P..##.#.#....
.....'........#.#......##........
###.)'........#.#...÷PP####.#....
###()##(......#.#J.....# #......
[..).###......##@JJ.P..# ###....
.##.## ##########J.....# ##.###
.##.# ### ####### #...# >...#
#.#### ### #...# .#.## #.##.#
.### #...# .#.# #####.##.###...#
#...# ...#
#.....##.....#.#######..[## ##.#
#...........##.##.......... ##.#
#...................†......


You could see 2 jellies and 2 endoplasms.

Vanquished Creatures
  2 worms (D:2)
  A dart slug (D:1)
  4 ball pythons
  10 endoplasms
  5 giant cockroaches
  4 hobgoblins
  2 quokkas
  2 bats (D:1)
  4 frilled lizards
  4 goblins
  12 kobolds
  6 rats
56 creatures vanquished.

Vanquished Creatures (others)
  4 fungi (D:2)
  A plant (D:2)
  5 toadstools (D:2)
10 creatures vanquished.

Grand Total: 66 creatures vanquished

Notes
Turn   | Place    | Note
-------+----------+-------------------------------------------
     0 | D:1      | Sanktem7 the Minotaur Fighter began the quest for the Orb.
     0 | D:1      | Reached XP level 1. HP: 19/19 MP: 0/0
    96 | D:1      | Reached XP level 2. HP: 27/27 MP: 1/1
   498 | D:1      | Reached XP level 3. HP: 33/33 MP: 2/2
  1325 | D:2      | Reached XP level 4. HP: 17/41 MP: 3/3
  1325 | D:2      | HP: 2/41 [frozen (1)]
  1326 | D:2      | Splashed by a jelly's acid

Illustrated notes

Levels and vault maps discovered:
D:1:      beargit_arrival_greenhouse, layout_rooms
D:2:      cheibrodos_fertilizer, layout_loops_cross,
          shapermc_ecumenical_altar_hornbeckon, hex_large

Skill      XL: |  1  2 |
---------------+-------+-----
Fighting       | 4 |  4.4
Armour         | 4 |  4.3
Axes           | 3 |  3.9
Shields        | |  3.6

Action                   |  1- 3 |  4- 6 || total
-------------------------+-------+-------++-------
Melee: War axe           |    99 |     2 ||   101
       Headbutt          |    13 |       ||    13
Armor: Scale mail        |    42 |       ||    42
Dodge: Dodged            |    43 |     1 ||    44
Block: Buckler           |    22 |       ||    22
